[Event "Early-Titled-Tuesday-Blitz-March-05-2024"]
[Site "Chess.com"]
[Date "2024.03.05"]
[Round "3"]
[White "Indianlad"]
[Black "Meri-Arabidze"]
[Result "1-0"]
[WhiteElo "3016"]
[BlackElo "2718"]
[TimeControl "180+1"]
[EndTime "8:30:04 PST"]
[Termination "Indianlad won on time"]

1. b3 f5 2. Bb2 Nf6 3. Nf3 e6 4. g3 Be7 5. Bg2 O-O 6. O-O d5 7. c4 c6 8. d3 b6 9. Nc3 Nbd7 10. e4 Nc5 11. exd5 exd5 12. cxd5 cxd5 13. Nd4 Qd7 14.
b4 Na6 15. a3 Nc7 16. Re1 Rf7 17. Nce2 a5 18. bxa5 bxa5 19. Nf4 Bc5 20. Rc1 Bb6 21. h3 Bb7 22. Nf3 Qb5 23. Bd4 Bxd4 24. Nxd4 Qd7 25.
Nf3 Re7 26. Rxe7 Qxe7 27. Qb3 Ba6 28. Qb6 Nb5 29. Re1 Qxa3 30. Qe6+ Kh8 31. Ne5 h6 32. Nf7+ Kh7 33. Qxf5+ Kg8 34. Nxh6+ Kh8 35. Nf7+ Kg8 36.
Bxd5 Nxd5 37. Nxd5 Nd4 38. Nh6+ Kh8 39. Qh5 Qxd3 40. Nf5+ Kg8 41. Nde7+ Kf8 42. Qh8+ Kf7 43. Qxg7+ 1-0

[Event "Early-Titled-Tuesday-Blitz-March-05-2024"]
[Site "Chess.com"]
[Date "2024.03.05"]
[Round "3"]
[White "Chessbard1972"]
[Black "maximnovik"]
[Result "1-0"]
[WhiteElo "2457"]
[BlackElo "2598"]
[TimeControl "180+1"]
[EndTime "8:30:06 PST"]
[Termination "Chessbard1972 won by resignation"]

1. d4 Nf6 2. c4 g6 3. Nf3 Bg7 4. g3 c6 5. Bg2 d5 6. Qa4 O-O 7. O-O Nbd7 8. c5 e5 9. e3 e4 10. Nfd2 Ne8 11. b4 a6 12. Qb3 f5 13.
Bb2 Ndf6 14. a4 Nc7 15. Nc3 Be6 16. b5 a5 17. bxc6 bxc6 18. Rfb1 Qd7 19. Qc2 Na6 20. Ba3 Rfb8 21. Rb6 Rxb6 22. cxb6 Nb4 23. Bxb4 axb4 24.
Ne2 Bf8 25. a5 Qb7 26. Nb3 Nd7 27. Nf4 Bf7 28. h4 Bd6 29. Bf1 Kg7 30. Nc5 Nxc5 31. dxc5 Be5 32. Ra4 d4 33. exd4 b3 34. Qd2 Bf6 35. a6 Qb8 36. a7 Qb7 37. Ba6 Qd7 38. b7 1-0

[Event "Early-Titled-Tuesday-Blitz-March-05-2024"]
[Site "Chess.com"]
[Date "2024.03.05"]
[Round "3"]
[White "Genghis_K"]
[Black "LikeWater"]
[Result "1-0"]
[WhiteElo "2952"]
[BlackElo "2694"]
[TimeControl "180+1"]
[EndTime "8:30:09 PST"]
[Termination "Genghis_K won by resignation"]

1. e4 c6 2. Nf3 d5 3. Nc3 dxe4 4.
Nxe4 Nf6 5. Qe2 Nxe4 6. Qxe4 Be6 7. b3 Bd5 8. Qf4 Qd6 9. Qe3 Bxf3 10. gxf3 Qf6 11.
Rb1 Nd7 12. Bb2 e5 13. Bh3 Bd6 14. d4 Bb4+ 15. Kf1 O-O-O 16. dxe5 Qe7 17. Rd1 Kb8 18. Rg1 Rhg8 19. e6 fxe6 20. Qxe6 Nf6 21. Be5+ Ka8 22.
Rxd8+ Rxd8 23. Qxe7 Bxe7 24. Rxg7 Ng8 25. Be6 Bf6 26. Bxf6 Nxf6 27. Rf7 Nh5 28. Bg4 1-0

[Event "Early-Titled-Tuesday-Blitz-March-05-2024"]
[Site "Chess.com"]
[Date "2024.03.05"]
[Round "3"]
[White "Christian_Jordan"]
[Black "DanielTitichoca"]
[Result "0-1"]
[WhiteElo "2105"]
[BlackElo "2376"]
[TimeControl "180+1"]
[EndTime "8:30:09 PST"]
[Termination "DanielTitichoca won on time"]

1. e4 c5 2. Nf3 e6 3. g3 Nf6 4. Qe2 Nc6 5. Bg2 e5 6. O-O g6 7. c3 Bg7 8. d3 O-O 9. Rd1 Re8 10. Na3 d6 11. Nc4 h6 12. a4 Be6 13. h3 Qd7 14.
Kh2 b6 15. Be3 Rad8 16. Qc2 Qc7 17. Na3 a6 18. Rac1 d5 19. Nb1 Nh5 20. Nbd2 f5 21. exf5 Bxf5 22. Nh4 Qf7 23. Nxf5 gxf5 24. Nf1 f4 25.
Bd2 Nf6 26. g4 Qc7 27. f3 e4 28. dxe4 dxe4 29. Be1 e3 30. Qe2 Ne5 31. Bh4 Ng6 0-1

[Event "Early-Titled-Tuesday-Blitz-March-05-2024"]
[Site "Chess.com"]
[Date "2024.03.05"]
[Round "3"]
[White "SergioMoralesG"]
[Black "ilqar_74"]
[Result "0-1"]
[WhiteElo "2513"]
[BlackElo "2839"]
[TimeControl "180+1"]
[EndTime "8:30:10 PST"]
[Termination "ilqar_74 won by checkmate"]

1. d4 Nf6 2. c4 e6 3. Nf3 d5 4. Nc3 Bb4 5. Bg5 h6 6. Bxf6 Qxf6 7. e3 O-O 8. Qb3 Bxc3+ 9. Qxc3 dxc4 10. Bxc4 b6 11.
O-O Bb7 12. Be2 Qe7 13. Rac1 Rc8 14. b4 Nd7 15. Nd2 a5 16. b5 c5 17. Bf3 cxd4 18.
Qxd4 e5 19. Qb2 e4 20. Bg4 Rxc1 21. Rxc1 Ne5 22. Be2 Rd8 23. Qc3 Qg5 24. Nc4 Nf3+ 25. Kh1 Qh4 26. gxf3 exf3 27. Bf1 Qxf2 28. Nxa5 Be4 29.
Qc7 Qxf1+ 30. Rxf1 f2# 0-1

[Event "Early-Titled-Tuesday-Blitz-March-05-2024"]
[Site "Chess.com"]
[Date "2024.03.05"]
[Round "3"]
[White "Aleksandar-Topalov"]
[Black "JohnWhite1952"]
[Result "1-0"]
[WhiteElo "2343"]
[BlackElo "1967"]
[TimeControl "180+1"]
[EndTime "8:30:13 PST"]
[Termination "Aleksandar-Topalov won on time"]

1. b3 Nf6 2. Bb2 e6 3. Nf3 Be7 4. e3 c5 5. c4 O-O 6. Be2 Nc6 7. O-O d5 8. cxd5 exd5 9. d3 Bf5 10. a3 Re8 11.
Nbd2 a5 12. Rc1 a4 13. bxa4 Qa5 14. Nb3 Qxa4 15. Nxc5 Bxc5 16. Rxc5 Qa7 17. Qc2 Rad8 18. Rc1 Bg4 19. Qb3 Nd7 20. Rb5 Rb8 21. Qxd5 Nb6 22.
Qg5 f6 23. Qxg4 Qa6 24. Bxf6 g6 25. Rcb1 1-0

[Event "Early-Titled-Tuesday-Blitz-March-05-2024"]
[Site "Chess.com"]
[Date "2024.03.05"]
[Round "3"]
[White "KhalilMousavi98"]
[Black "Juicy_Fork"]
[Result "1-0"]
[WhiteElo "2820"]
[BlackElo "2541"]
[TimeControl "180+1"]
[EndTime "8:30:14 PST"]
[Termination "KhalilMousavi98 won by resignation"]

1. Nf3 Nf6 2. g3 g6 3. Bg2 Bg7 4. O-O O-O 5. d3 c5 6. c4 Nc6 7. Nc3 d6 8. a3 a6 9. Rb1 Rb8 10.
b4 cxb4 11. axb4 b5 12. cxb5 axb5 13. h3 Bd7 14. Be3 Qc8 15. g4 Nxb4 16. Bd4 Nfd5 17.
Nxd5 Nxd5 18. Qb3 Be6 19. Bxg7 Kxg7 20. Rfc1 Qd7 21. e3 Kg8 22. Nd4 Nf4 23. Nxe6 Ne2+ 24. Kf1 Nxc1 25. Nxf8 Nxb3 26. Nxd7 Nd2+ 27. Ke1 Nxb1 28.
Nxb8 b4 29. Nc6 b3 30. Na5 b2 31. Nc4 Nc3 32. Nxb2 d5 33. Nd1 1-0

[Event "Early-Titled-Tuesday-Blitz-March-05-2024"]
[Site "Chess.com"]
[Date "2024.03.05"]
[Round "3"]
[White "AwareIdea"]
[Black "Elsa167"]
[Result "0-1"]
[WhiteElo "2522"]
[BlackElo "2923"]
[TimeControl "180+1"]
[EndTime "8:30:14 PST"]
[Termination "Elsa167 won by resignation"]

1. d4 d6 2. Nf3 Nf6 3. c4 g6 4. Nc3 Bg7 5. e4 Bg4 6. Be2 Bxf3 7. Bxf3 e5 8. dxe5 dxe5 9. Qxd8+ Kxd8 10. Bg5 c6 11.
O-O-O+ Kc7 12. g3 Nbd7 13. h4 h6 14. Be3 h5 15. Kc2 Bh6 16. Bxh6 Rxh6 17. Bg2 Nc5 18.
f3 Ne6 19. Ne2 c5 20. Bh3 Nd4+ 21. Nxd4 cxd4 22. Kd3 Nd7 23. Bxd7 Kxd7 24. f4 f6 25. Rhf1 Ke6 26. fxe5 fxe5 27. Rf3 Rg8 28. Rdf1 g5 29. Rf8 Rxf8 30. Rxf8 gxh4 31. gxh4 Rg6 32. Rf5 Rg3+ 33. Kd2 Rg4 34. Rxh5 Rxe4 35. Rh8 Rg4 36. Rb8 Rxh4 37. Rxb7 e4 38. Rxa7 Rh2+ 39. Ke1 d3 40. Ra5 e3 41.
Kf1 e2+ 42. Kg1 e1=Q+ 0-1

[Event "Early-Titled-Tuesday-Blitz-March-05-2024"]
[Site "Chess.com"]
[Date "2024.03.05"]
[Round "3"]
[White "secrethawk1"]
[Black "littlepinkyboy"]
[Result "1-0"]
[WhiteElo "2496"]
[BlackElo "2667"]
[TimeControl "180+1"]
[EndTime "8:30:14 PST"]
[Termination "secrethawk1 won on time"]

1. e4 c5 2. Nf3 e6 3. d4 cxd4 4. Nxd4 Nc6 5. Nc3 Qc7 6. g4 Bb4 7. Be2 Nf6 8. Nb5 Qb8 9. a3 Ba5 10. Nd6+ Kf8 11. b4 Nxb4 12. axb4 Bxb4 13. Nb5 Nxe4 14.
Ba3 Bxa3 15. Rxa3 Nxc3 16. Rxc3 Qe5 17. O-O d5 18. f4 Qf6 19. g5 Qd8 20. Qd4 Bd7 21.
Nd6 Bc6 22. Qc5 Kg8 23. f5 Qxg5+ 24. Rg3 Qf6 25. fxe6 Qxe6 26. Rxf7 g6 27. Qd4 1-0

[Event "Early-Titled-Tuesday-Blitz-March-05-2024"]
[Site "Chess.com"]
[Date "2024.03.05"]
[Round "3"]
[White "DvaHrasta"]
[Black "atbenina64"]
[Result "0-1"]
[WhiteElo "2444"]
[BlackElo "2739"]
[TimeControl "180+1"]
[EndTime "8:30:17 PST"]
[Termination "atbenina64 won on time"]

1. c4 e5 2. g3 Nf6 3. Bg2 c6 4. d4 exd4 5. Qxd4 Na6 6. Nf3 Bc5 7. Qe5+ Be7 8. O-O O-O 9. Rd1 Re8 10. Qc3 Bc5 11. e3 d5 12. a3 Bg4 13. b4 Ne4 14.
Qb2 Be7 15. cxd5 Bf6 16. Qa2 Bxa1 17. Qxa1 Ng5 18. Nbd2 Qxd5 19. e4 Qd3 20. Ne5 Rxe5 21. Qxe5 f6 22. Qe7 Bxd1 23. Bf1 Be2 24. Bxe2 Qxe2 25.
Qxb7 Rd8 26. Qxc6 Nf3+ 0-1

[Event "Early-Titled-Tuesday-Blitz-March-05-2024"]
[Site "Chess.com"]
[Date "2024.03.05"]
[Round "3"]
[White "LLariMarc"]
[Black "C_K_G"]
[Result "1-0"]
[WhiteElo "2401"]
[BlackElo "2167"]
[TimeControl "180+1"]
[EndTime "8:30:17 PST"]
[Termination "LLariMarc won on time"]

1. d4 d5 2. Nf3 e6 3. c4 Nf6 4. Bg5 Be7 5. e3 a6 6. Nc3 O-O 7. Bd3 h6 8. Bxf6 Bxf6 9. O-O b6 10. Rc1 Bb7 11. Re1 Nd7 12. Ne2 c5 13. cxd5 exd5 14.
Bf5 c4 15. Ng3 b5 16. e4 dxe4 17. Bxe4 Bxe4 18. Nxe4 Nb6 19. Nxf6+ Qxf6 20. Ne5 Rfd8 21. Rc2 Nd5 22. Rce2 Nf4 23. Re4 Rd5 24. Qf3 Ne6 25. Qxf6 gxf6 26. Nf3 Rad8 27. Rd1 h5 28. Kf1 Kg7 29.
g3 Kg6 30. Rh4 Ng5 31. Kg2 R8d6 32. Rf4 Ne6 33. Re4 f5 34. Rh4 1-0

[Event "Early-Titled-Tuesday-Blitz-March-05-2024"]
[Site "Chess.com"]
[Date "2024.03.05"]
[Round "3"]
[White "GaiozNigalidze"]
[Black "Mesa_1"]
[Result "1-0"]
[WhiteElo "2700"]
[BlackElo "2486"]
[TimeControl "180+1"]
[EndTime "8:30:18 PST"]
[Termination "GaiozNigalidze won by resignation"]

1. Nf3 Nf6 2. g3 g6 3. b3 Bg7 4.
Bb2 O-O 5. Bg2 a5 6. O-O a4 7. c4 axb3 8. axb3 Rxa1 9. Bxa1 d6 10. d4 Nc6 11. Nbd2 Bf5 12. Nh4 Bd7 13. Nhf3 Bf5 14.
Nh4 Bd7 15. Bc3 e5 16. d5 Ne7 17. e4 c5 18. Qc2 Bh6 19. Ra1 Qc8 20. Ra7 Qb8 21. Qa2 Bxd2 22. Bxd2 Kg7 23. b4 Rc8 24.
b5 Ne8 25. Qa5 b6 26. Qa6 Nc7 27. Qb7 Qxb7 28. Rxb7 f6 29. h3 Kf7 30. Rxb6 Ke8 31. Rb7 Kd8 32. Ba5 1-0

[Event "Early-Titled-Tuesday-Blitz-March-05-2024"]
[Site "Chess.com"]
[Date "2024.03.05"]
[Round "3"]
[White "EvgenyBurmakin"]
[Black "PattyCastillo"]
[Result "1-0"]
[WhiteElo "2350"]
[BlackElo "2012"]
[TimeControl "180+1"]
[EndTime "8:30:20 PST"]
[Termination "EvgenyBurmakin won on time"]

1. Nc3 Nc6 2. e4 d6 3. f4 Nf6 4.
Nf3 g6 5. d3 Bg7 6. Be2 O-O 7.
O-O Rb8 8. Qe1 Bg4 9. h3 Bxf3 10. Bxf3 Nd4 11. Bd1 c5 12. f5 b5 13. Bg5 b4 14.
Ne2 Nxe2+ 15. Bxe2 h6 16. Be3 a5 17. Qg3 Kh7 18. Rae1 Nd7 19. Qh4 e6 20. Qg4 Ne5 21. Qg3 exf5 22. exf5 Re8 23. Bf4 g5 24. Bc1 f6 25.
Bh5 Rf8 26. c3 bxc3 27. bxc3 d5 28. d4 cxd4 29. cxd4 Nf7 30. Bg6+ Kg8 31. Re6 Re8 32. Rfe1 Rxe6 33. fxe6 Nh8 34. e7 1-0

[Event "Early-Titled-Tuesday-Blitz-March-05-2024"]
[Site "Chess.com"]
[Date "2024.03.05"]
[Round "3"]
[White "mbchess97"]
[Black "ChessSwole"]
[Result "0-1"]
[WhiteElo "2492"]
[BlackElo "2703"]
[TimeControl "180+1"]
[EndTime "8:30:21 PST"]
[Termination "ChessSwole won by resignation"]

1. c4 c5 2. g3 Nf6 3. Bg2 d5 4. cxd5 Nxd5 5. Nf3 Nc6 6. Nc3 Nc7 7. O-O e5 8. a3 Be7 9. b4 O-O 10. b5 Nd4 11.
Nxe5 Bf6 12. Nd3 Ndxb5 13. Nxc5 Nxc3 14. dxc3 Bxc3 15. Rb1 Qe7 16. Nxb7 Bg4 17. Be3 Ne6 18. h3 Bf5 19. Rb3 Bf6 20. Nd6 Bg6 21. Rb7 Qd8 22.
Bxa7 Qa5 23. Nc4 Qa6 24. Qb3 Rxa7 25. Rb6 Qa4 26. Qxa4 Rxa4 27. Rc1 Nd4 28. Kf1 Rc8 29. Rb4 Rxb4 30. axb4 Nb3 0-1

[Event "Early-Titled-Tuesday-Blitz-March-05-2024"]
[Site "Chess.com"]
[Date "2024.03.05"]
[Round "3"]
[White "jaskol95"]
[Black "TheAlienParty"]
[Result "1-0"]
[WhiteElo "2583"]
[BlackElo "2391"]
[TimeControl "180+1"]
[EndTime "8:30:21 PST"]
[Termination "jaskol95 won by checkmate"]

1. e4 e5 2. Nf3 Nc6 3. Bc4 Bc5 4. c3 Nf6 5. d4 exd4 6. cxd4 Bb4+ 7. Kf1 d5 8. exd5 Nxd5 9. Nc3 Nxc3 10. bxc3 Bd6 11.
Ng5 Be6 12. d5 Ne5 13. dxe6 Nxc4 14. Qa4+ c6 15. Qxc4 O-O 16. Nxf7 Qf6 17. Be3 Be7 18. Rd1 Rfc8 19. Bg5 Qf5 20. Bxe7 b5 21. Qb3 Rc7 22. Bd6 Rcc8 23. h4 a5 24. Ng5 a4 25. Qb1 g6 26.
Qxf5 gxf5 27. Bc5 Kg7 28. Rd7+ Kf6 29. f4 h6 30. Rf7+ Kg6 31. h5# 1-0

[Event "Early-Titled-Tuesday-Blitz-March-05-2024"]
[Site "Chess.com"]
[Date "2024.03.05"]
[Round "3"]
[White "nicolasbatista3"]
[Black "volodja49"]
[Result "1-0"]
[WhiteElo "2466"]
[BlackElo "2607"]
[TimeControl "180+1"]
[EndTime "8:30:22 PST"]
[Termination "nicolasbatista3 won on time"]

1. d4 e6 2. c4 d5 3. Nc3 Nf6 4. Bg5 Nbd7 5. e3 c6 6. cxd5 exd5 7. Bd3 Bd6 8. Qc2 Qc7 9. f4 h6 10. Bh4 O-O 11. Nf3 Ng4 12. Qe2 g5 13. Nxg5 Nxe3 14.
Qh5 Bxf4 15. Qxh6 Nf6 16. Bh7+ Kh8 17. Qxf8+ 1-0

[Event "Early-Titled-Tuesday-Blitz-March-05-2024"]
[Site "Chess.com"]
[Date "2024.03.05"]
[Round "3"]
[White "karinachess1"]
[Black "sorch29"]
[Result "1-0"]
[WhiteElo "2590"]
[BlackElo "2422"]
[TimeControl "180+1"]
[EndTime "8:30:22 PST"]
[Termination "karinachess1 won by resignation"]

1. d4 Nf6 2. c4 g6 3. Nc3 Bg7 4. e4 d6 5. h4 h5 6. Be2 O-O 7. Bg5 c5 8. d5 e6 9. Nf3 exd5 10. cxd5 a6 11. a4 Bg4 12. O-O Nbd7 13. Nd2 Qc7 14. f3 Nh7 15. fxg4 Nxg5 16. hxg5 Bd4+ 17. Kh1 hxg4 18.
Bxg4 Kg7 19. Nf3 Rh8+ 20. Bh3 Ne5 21. Nxd4 cxd4 22. Qxd4 Qd7 23. Rf3 Kf8 24. Raf1 Ke7 25. Qxe5+ dxe5 26. Rxf7+ Kd6 27. Rxd7+ Kc5 28. Rc1 Kd4 29. d6 Ke3 30. Rf7 Rh4 31. Rd1 1-0

[Event "Early-Titled-Tuesday-Blitz-March-05-2024"]
[Site "Chess.com"]
[Date "2024.03.05"]
[Round "3"]
[White "amanjazu"]
[Black "bylavochka"]
[Result "1-0"]
[WhiteElo "2545"]
[BlackElo "2307"]
[TimeControl "180+1"]
[EndTime "8:30:22 PST"]
[Termination "amanjazu won on time"]

1. g3 g6 2. Bg2 Bg7 3. f4 Nf6 4. Nf3 O-O 5. O-O d6 6. d3 c6 7. Nc3 Nbd7 8. e4 e5 9. f5 d5 10.
Qe2 Re8 11. h3 Qc7 12. g4 b5 13. Re1 b4 14. Nd1 dxe4 15. dxe4 a5 16. Qf2 Bf8 17. Kh1 Nc5 18. Nh2 Be7 19. Nf1 Ba6 20. Ng3 Rad8 21. b3 Nb7 22. Be3 c5 23. g5 Nd7 24.
f6 Bf8 25. c4 Nb8 26. h4 Nc6 27. Bc1 Rd3 28. Bf1 Rd4 29. Bb2 Red8 30. Ne3 Rd2 31. Re2 Rxe2 32. Bxe2 Nd4 33. Bg4 Nd6 34. Nd5 Qb7 35.
Kg2 a4 36. Bxd4 exd4 37. h5 axb3 38. axb3 Re8 39. Bf3 1-0

[Event "Early-Titled-Tuesday-Blitz-March-05-2024"]
[Site "Chess.com"]
[Date "2024.03.05"]
[Round "3"]
[White "Chessdude1987"]
[Black "TitarovVasiliYouTube"]
[Result "0-1"]
[WhiteElo "2366"]
[BlackElo "2514"]
[TimeControl "180+1"]
[EndTime "8:30:22 PST"]
[Termination "TitarovVasiliYouTube won by resignation"]

1. e4 c5 2. Nf3 Nf6 3. e5 Nd5 4. Nc3 Nxc3 5. dxc3 Nc6 6. Bb5 Qb6 7. a4 a6 8. Bxc6 Qxc6 9. a5 e6 10. O-O d5 11. c4 d4 12. Bg5 h6 13. Bh4 g5 14.
Bg3 Bd7 15. b4 cxb4 16. Nxd4 Qxc4 17. c3 bxc3 18. Rb1 Ba4 19. Qh5 Qxd4 20. Rxb7 Be7 21. h4 Bc6 22. Rd1 Qe4 23. f3 Qe3+ 24. Bf2 c2 25.
Rf1 c1=Q 26. Bxe3 Qxe3+ 27. Kh2 Bxb7 0-1

[Event "Early-Titled-Tuesday-Blitz-March-05-2024"]
[Site "Chess.com"]
[Date "2024.03.05"]
[Round "3"]
[White "Arystanner"]
[Black "Casper"]
[Result "1-0"]
[WhiteElo "2892"]
[BlackElo "2518"]
[TimeControl "180+1"]
[EndTime "8:30:24 PST"]
[Termination "Arystanner won by resignation"]

1. d4 d5 2. c4 dxc4 3. Nf3 Nf6 4. e3 Bg4 5. Bxc4 e6 6. O-O a6 7. Nc3 Nc6 8. h3 Bh5 9. Be2 Bd6 10. b3 O-O 11. Bb2 e5 12. Nxe5 Bxe2 13. Nxe2 Bxe5 14.
dxe5 Nd7 15. f4 Qe7 16. Ng3 Rad8 17. Nf5 Qe6 18. Qg4 Qg6 19. Rad1 Nc5 20. Ba3 b6 21. Bxc5 bxc5 22. Rc1 Qxg4 23. hxg4 g6 24. Rxc5 gxf5 25. Rxc6 fxg4 26. Kh2 Rd2 27. Rxa6 Rfd8 28. Kg3 R8d3 29. Re1 h5 30. b4 Rc3 31. a4 Rcc2 32. Kh4 Rxg2 33.
Kxh5 g3 34. Kg4 Kg7 35. b5 Ra2 36. Rc6 Rxa4 37. Rxc7 Kg8 38. b6 Rb4 39. b7 Rgb2 40.
Kxg3 Rxb7 41. Rxb7 Rxb7 42. Kg4 Rb6 43. Kf5 Rg6 44.
Rd1 Kg7 45. Rd6 Rg1 46. e6 Re1 47. e4 fxe6+ 48. Rxe6 Kf7 49. Ra6 Rh1 50. Ra7+ Ke8 51. e5 Rh6 52. e6 Rh5+ 53. Kf6 Rh6+ 54. Ke5 Rh1 55. f5 Kf8 56. f6 1-0

[Event "Early-Titled-Tuesday-Blitz-March-05-2024"]
[Site "Chess.com"]
[Date "2024.03.05"]
[Round "3"]
[White "Shushik"]
[Black "moro182"]
[Result "0-1"]
[WhiteElo "2545"]
[BlackElo "2818"]
[TimeControl "180+1"]
[EndTime "8:30:25 PST"]
[Termination "moro182 won by resignation"]

1. e4 g6 2. d4 Bg7 3. Nc3 a6 4.
a4 d6 5. f4 Nf6 6. Nf3 O-O 7. Bd3 Nc6 8. e5 dxe5 9. dxe5 Nd5 10. Nxd5 Qxd5 11. Qe2 Bg4 12. Be4 Qa5+ 13. Qd2 Qb6 14.
Qe3 Qb4+ 15. c3 Qb3 16. O-O Rad8 17. Ra3 Qc4 18. b3 Qe6 19. Nd4 Nxd4 20. cxd4 c6 21.
Ra2 Bf5 22. Bf3 Qc8 23. Rd2 Qc7 24. Ba3 Be6 25. Rfd1 Bd5 26. Bg4 b5 27. Bc5 bxa4 28.
bxa4 Rb8 29. Qe2 a5 30. e6 f5 31. Bf3 Rfd8 32. Bxd5 Rxd5 33. g3 Bf6 34. Rb2 Rxb2 35. Qxb2 Rxc5 0-1

[Event "Early-Titled-Tuesday-Blitz-March-05-2024"]
[Site "Chess.com"]
[Date "2024.03.05"]
[Round "3"]
[White "Witty_Alien"]
[Black "pfalcon1949"]
[Result "1-0"]
[WhiteElo "2325"]
[BlackElo "1935"]
[TimeControl "180+1"]
[EndTime "8:30:25 PST"]
[Termination "Witty_Alien won by resignation"]

1. e4 e6 2. d4 d5 3. Nd2 Nc6 4. Ngf3 Nf6 5. e5 Nd7 6. c3 f6 7. Bd3 fxe5 8. Nxe5 Ndxe5 9. dxe5 g6 10. Nf3 Bg7 11.
Qe2 O-O 12. h4 Rxf3 13. Qxf3 Nxe5 14. Qg3 Nxd3+ 15. Qxd3 e5 16. Bg5 Qd6 17. O-O-O c6 18. c4 Bf5 19. Qb3 Qc5 20. h5 b5 21. h6 bxc4 22.
Qb7 Bf8 23. Qxa8 c3 24. Qb7 cxb2+ 25. Kxb2 Qc3+ 26. Kxc3 a5 27. Rb1 d4+ 28. Kd2 e4 29. Be7 e3+ 30. fxe3 dxe3+ 31. Kxe3 Bxb1 32. Bxf8 1-0

[Event "Early-Titled-Tuesday-Blitz-March-05-2024"]
[Site "Chess.com"]
[Date "2024.03.05"]
[Round "3"]
[White "ikhasu"]
[Black "Blitzstream"]
[Result "0-1"]
[WhiteElo "2451"]
[BlackElo "2812"]
[TimeControl "180+1"]
[EndTime "8:30:29 PST"]
[Termination "Blitzstream won on time"]

1. Nf3 c5 2. b3 Nf6 3. Bb2 Nc6 4. d4 cxd4 5. Nxd4 e6 6. e3 Qa5+ 7. c3 Be7 8. Bd3 O-O 9. O-O d5 10. c4 dxc4 11. Bxc4 Ne5 12. Be2 Ng6 13. Nc3 Bd7 14. Bf3 Qa6 15. Rc1 Rfd8 16. Qc2 Rac8 17. Qb1 Bf8 18.
Rfd1 e5 19. Nf5 e4 20. Bxe4 Nxe4 21. Qxe4 Re8 22. Qf3 Ne5 23. Qf4 Nd3 24. Rxd3 Qxd3 25. e4 Bxf5 26. Qxf5 Qd2 27. Rb1 Rxc3 28. Bxc3 Qxc3 29.
h3 g6 0-1

[Event "Early-Titled-Tuesday-Blitz-March-05-2024"]
[Site "Chess.com"]
[Date "2024.03.05"]
[Round "3"]
[White "FoggyMorning"]
[Black "MITerryble"]
[Result "0-1"]
[WhiteElo "2723"]
[BlackElo "3033"]
[TimeControl "180+1"]
[EndTime "8:30:33 PST"]
[Termination "MITerryble won by resignation"]

1. e4 e6 2. d4 d5 3. Nc3 Nf6 4. e5 Nfd7 5. f4 c5 6. Nf3 Nc6 7. Be3 Be7 8. Qd2 O-O 9. Be2 b6 10. O-O f5 11. exf6 Nxf6 12. Kh1 Bb7 13. Rae1 Rc8 14.
Bg1 Ne4 15. Nxe4 dxe4 16. Ne5 Nxd4 17. Bc4 Bd5 18. c3 Nc6 19. Nxc6 Rxc6 20. Qe2 Rd6 21.
Be3 Bh4 22. Rc1 Qd7 23. Bb3 Bxb3 24. axb3 Rd3 25. Bg1 Qd5 26. g3 Rd2 27. Qe3 Bf6 28. Rce1 Rxb2 29. Qxe4 Rxb3 30. Qxd5 exd5 31. Rd1 Rd8 32.
g4 Bxc3 33. f5 d4 34. g5 Rb2 35. f6 Re2 36. f7+ Kf8 37. Bf2 Rd7 38. g6 hxg6 39.
Bg3 Rxf7 40. Bd6+ Kg8 41. Rg1 Rf6 42. Bg3 a5 43. Rb1 a4 44. Bh4 Rfe6 45. Rbf1 a3 0-1

[Event "Early-Titled-Tuesday-Blitz-March-05-2024"]
[Site "Chess.com"]
[Date "2024.03.05"]
[Round "3"]
[White "knightinshiningarmour16"]
[Black "Shuvalov"]
[Result "0-1"]
[WhiteElo "2246"]
[BlackElo "2534"]
[TimeControl "180+1"]
[EndTime "8:30:33 PST"]
[Termination "Shuvalov won by resignation"]

1. e4 e6 2. d4 d5 3. exd5 exd5 4. c4 Nf6 5. c5 b6 6. cxb6 axb6 7. Nc3 c6 8. Nf3 Bd6 9. Bd3 O-O 10. O-O Ba6 11. Bg5 Nbd7 12. Bxa6 Rxa6 13. Qd3 Ra7 14. Rfe1 h6 15. Bh4 Re8 16. Rxe8+ Qxe8 17. Re1 Qa8 18. a3 Nh7 19. Ne5 Bxe5 20. dxe5 Nc5 21. Qg3 Qc8 22.
Bf6 Ne6 23. h4 Kh8 24. f4 gxf6 25. f5 Nd4 26. exf6 Nxf5 27. Qe5 Qe6 28. Qb8+ Nf8 29.
Re4 dxe4 30. Qxf8+ Kh7 31. g4 Qxf6 32. gxf5 Qg7+ 33.
Qxg7+ Kxg7 34. Nxe4 Rd7 35. Kf2 Rd3 36. h5 Rb3 37.
f6+ Kf8 38. Ke2 Rxb2+ 39. Kf3 Rb3+ 40. Kf4 Rxa3 41. Ng3 Rxg3 42. Kxg3 Ke8 43. Kf4 Kd7 44. Ke4 Ke6 45. Kd4 Kxf6 0-1

[Event "Early-Titled-Tuesday-Blitz-March-05-2024"]
[Site "Chess.com"]
[Date "2024.03.05"]
[Round "3"]
[White "oneshot007"]
[Black "Seochesspie"]
[Result "1-0"]
[WhiteElo "2562"]
[BlackElo "2820"]
[TimeControl "180+1"]
[EndTime "8:30:35 PST"]
[Termination "oneshot007 won by resignation"]

1. e4 c5 2. Nf3 d6 3. Bb5+ Nd7 4. O-O a6 5. Bd3 g6 6. c3 Bg7 7. Bc2 Ngf6 8. d4 e5 9. a4 O-O 10. d5 b6 11. Nbd2 Nh5 12. Nc4 Qc7 13. h3 Rb8 14. Bg5 Re8 15. Qd2 Bb7 16. Bd3 b5 17.
axb5 axb5 18. Na3 c4 19. Nxb5 Qc5 20. Bxc4 Qxc4 21. Nxd6 Qb3 22. Ra3 Qb6 23. Nxe8 Rxe8 24. Rfa1 Nc5 25. Be3 Qd6 26. Qc2 Nf6 27. Ra7 Bc8 28.
Nd2 Nfd7 29. b4 Nb7 30. Qb3 f5 31. f3 Kh8 32. c4 Qb8 33. c5 Nf6 34. Ra8 Qc7 35. c6 Nd6 36. b5 fxe4 37. b6 Qe7 38.
b7 Bxb7 39. cxb7 Nxb7 40. Rxe8+ Nxe8 41. Ra7 Ned6 42. Nxe4 1-0

[Event "Early-Titled-Tuesday-Blitz-March-05-2024"]
[Site "Chess.com"]
[Date "2024.03.05"]
[Round "3"]
[White "InitiatingASC"]
[Black "Talcrifice"]
[Result "0-1"]
[WhiteElo "2366"]
[BlackElo "2581"]
[TimeControl "180+1"]
[EndTime "8:30:35 PST"]
[Termination "Talcrifice won on time"]

1. d4 Nf6 2. c4 e6 3. Nc3 Bb4 4. e3 O-O 5. Bd2 d5 6. Bd3 dxc4 7. Bxc4 c5 8. a3 Bxc3 9. Bxc3 Ne4 10. Ne2 Nxc3 11.
bxc3 Qc7 12. Bd3 Nd7 13. O-O b6 14. f4 Bb7 15. f5 Rae8 16. Ng3 exf5 17. Nxf5 g6 18.
Qg4 Nf6 19. Qh4 Qc6 20. Ra2 Ne4 21. Ne7+ Rxe7 22. Qxe7 Nxc3 23. Rc2 Nd5 24. Qe4 Qd7 25. Bc4 Nb4 0-1

[Event "Early-Titled-Tuesday-Blitz-March-05-2024"]
[Site "Chess.com"]
[Date "2024.03.05"]
[Round "3"]
[White "Kotlyar_K"]
[Black "Balla_Tamas"]
[Result "1-0"]
[WhiteElo "2599"]
[BlackElo "2430"]
[TimeControl "180+1"]
[EndTime "8:30:36 PST"]
[Termination "Kotlyar_K won by resignation"]

1. d4 d5 2. c4 e6 3. Nc3 c5 4. cxd5 exd5 5. Nf3 Nc6 6. g3 Nf6 7. Bg2 cxd4 8. Nxd4 Bc5 9. Nxc6 bxc6 10. O-O O-O 11.
Qc2 Bb6 12. Na4 Bd7 13. Nc5 Re8 14. Be3 Rxe3 15. fxe3 Qe7 16. Nxd7 Qxd7 17. Kh1 Bxe3 18. Rad1 Re8 19. b4 Ng4 20. b5 cxb5 21. Rxd5 Qe6 22. Rdf5 Bb6 23. Bd5 Qxe2 24. Bxf7+ Kh8 25. Bxe8 Nf2+ 26.
R5xf2 1-0

[Event "Early-Titled-Tuesday-Blitz-March-05-2024"]
[Site "Chess.com"]
[Date "2024.03.05"]
[Round "3"]
[White "Vaathi_Coming"]
[Black "IlanSchnaider"]
[Result "1-0"]
[WhiteElo "2895"]
[BlackElo "2657"]
[TimeControl "180+1"]
[EndTime "8:30:38 PST"]
[Termination "Vaathi_Coming won by checkmate"]

1. d4 d5 2. Nc3 Nf6 3. Bf4 c5 4. e3 cxd4 5. exd4 a6 6. Nf3 Nc6 7. Ne5 Bd7 8. g4 h6 9. h4 e6 10.
Nxd7 Qxd7 11. a3 Bd6 12. Be3 e5 13. Bh3 Qe7 14. g5 exd4 15. gxf6 Qe5 16. Qg4 gxf6 17.
O-O-O dxc3 18. Rde1 cxb2+ 19. Kb1 Kf8 20. Rhg1 f5 21.
Bxh6+ Rxh6 22. Qg8+ Ke7 23. Rxe5+ Bxe5 24. Qxa8 Na5 25. Rg8 Nc4 26. Qd8+ Ke6 27. Re8# 1-0